 Dungeon Crawl Stone Soup version 0.31.0-11-ge490571c62 (webtiles) character file.

Game seed: 10421194682371327404

26 qw the Shooter (level 2, -1/14 HPs)
             Began as a Spriggan Hunter on Feb 4, 2024.
             Succumbed to their own poison gas
             ... on level 1 of the Dungeon.
             The game lasted 00:00:02 (973 turns).

qw the Shooter (Spriggan Hunter)                     Turns: 973, Time: 00:00:02

Health: -1/14      AC:  2    Str:  7    XL:     2   Next: 89%
Magic:  3/3        EV: 34    Int: 10    God:
Gold:   25         SH:  0    Dex: 18    Spells: 1/1 levels left

rFire   . . .        a - +0 shortbow
rCold   . . .        (shield currently unavailable)
rNeg    . . .        c - +0 robe
rPois   .            (helmet restricted)
rElec   .            (no cloak)
rCorr   .            (gloves unavailable)
SInv    +            (boots unavailable)
Will    .....        h - amulet of the acrobat
Stlth   ++           (no ring)
HPRegen 0.22/turn    (no ring)
MPRegen 0.08/turn

%: acrobat
@: lethally poisoned (-1 -> -12), acrobatic, very quick
A: very small, no large weapons, unfitting armour, see invisible, speed 3
a: no special abilities


You were on level 1 of the Dungeon.
You visited 1 branch of the dungeon, and saw 1 of its levels.

You collected 25 gold pieces.


Innate Abilities, Weirdness & Mutations

You are very small and have problems with some larger weapons.
You are too small for most types of armour.
You have supernaturally acute eyesight. (SInv)
You cover ground extremely quickly. (Speed+++)


   Skills:
 - Level 1.5 Fighting
 + Level 4.4 Ranged Weapons
 - Level 4.0 Dodging
 - Level 1.5 Stealth


You had one spell level left.
You didn't know any spells.
Your spell library was empty.

Inventory:

Hand Weapons
 a - a +0 shortbow (weapon)
Armour
 c - a +0 robe (worn)
Jewellery
 h - an amulet of the acrobat (around neck)
Scrolls
 e - a scroll of identify

Dungeon Overview and Level Annotations

Branches:
Dungeon (1/15)

Altars:


Message History

966 ||| READING scroll labelled XOOJIAKHLOIS.
The air fills with toxic fumes!
As you read the scroll labelled XOOJIAKHLOIS, it crumbles to dust.
It was a scroll of poison.
Done exploring.
967 ||| READING 2 scrolls labelled IHOJAM VAOM.
As you read the scroll labelled IHOJAM VAOM, it crumbles to dust.
It is a scroll of identify.
967 ||| IDENTIFYING scroll labelled LYOHUPAPRE
g - a scroll of noise Done exploring.
968 ||| DROPPING scroll of butterflies.
You drop a scroll of butterflies.
Done exploring.
969 ||| DROPPING scroll of noise.
You drop a scroll of noise.
Done exploring.
What level of the Dungeon? (default 1, ? - help) Sorry, I don't know how to get there.
Enter note:
Enter note:
Enter note:
Enter note:
Enter note:
Enter note:
Enter note:
Enter note:
Enter note:
Enter note:
Enter note:
Enter note: You are engulfed in poison gas.
You are lethally poisoned!
You feel very sick.
971 ||| Stepping ~*~*~tactically~*~*~ (cloud).
You feel very sick.
Things that are here:
a scroll of noise; a scroll of butterflies; a ring of flight
There is a lethal amount of poison in your body!
You feel very sick.
There is a lethal amount of poison in your body!
You die...

77....PP7P..###....### 7#.......
...##.PP7P....¤0¤¤0..###7#.......
77.......7.....000.#.'.#7#.......
77###[...PP....¤¤¤.###.# #..##...
7.# #..........0¤¤.# #.#7#..##...
7.# #..........7077# #.#7#.......
#.###.........77¤P7 #.#7#.......
...##.......##770¤7 ##.#7#.......
...##.......#


7P@¤7 #..#7#....... ...##.......# 77¤P7 #.##7#....... ...####....## 7¤PP7 #..#
#..##... #.....#....# 7¤777 ##'###..##... #.....#....# 7P.7 #...........
......#....# 77.7 #........... ......##'### ##..# ########'#+#
#.....##'#####..## #...#8.... ...............## #.#.#..... There were no
monsters in sight!

Vanquished Creatures
  A gnoll (D:1)
  2 ball pythons (D:1)
  2 endoplasms (D:1)
  3 bats (D:1)
  2 frilled lizards (D:1)
  4 goblins (D:1)
  A kobold (D:1)
  A rat (D:1)
16 creatures vanquished.

Notes
Turn   | Place    | Note
-------+----------+-------------------------------------------
     0 | D:1      | qw the Spriggan Hunter began the quest for the Orb.
     0 | D:1      | Reached XP level 1. HP: 10/10 MP: 2/2
     0 | D:1      | 0 ||| qw: Version: 0.3-a-160-g6735b56
     0 | D:1      | 0 ||| qw: Game counter: 5534
     0 | D:1      | 0 ||| qw: Melee chars always use a shield: true
     0 | D:1      | 0 ||| qw: God list: Okawaru
     0 | D:1      | 0 ||| qw: Allow faded altars: false
     0 | D:1      | 0 ||| qw: Do Orc after clearing Dungeon:15 true
     0 | D:1      | 0 ||| qw: Do second Lair branch before Depths: true
     0 | D:1      | 0 ||| qw: Lair rune preference: random
     0 | D:1      | 0 ||| qw: Goals: Normal
     0 | D:1      | 0 ||| PLANNING D:1-11
   109 | D:1      | Reached skill level 3 in Dodging
   417 | D:1      | Reached XP level 2. HP: 11/14 MP: 3/3
   960 | D:1      | 960 ||| UPGRADING to amulet of the acrobat.
   965 | D:1      | 965 ||| DROPPING ring of flight.
   966 | D:1      | 966 ||| READING scroll labelled XOOJIAKHLOIS.
   967 | D:1      | 967 ||| READING 2 scrolls labelled IHOJAM VAOM.
   967 | D:1      | 967 ||| IDENTIFYING scroll labelled LYOHUPAPRE
   968 | D:1      | 968 ||| DROPPING scroll of butterflies.
   969 | D:1      | 969 ||| DROPPING scroll of noise.
   971 | D:1      | 971 ||| Stepping ~*~*~tactically~*~*~ (cloud).
   972 | D:1      | HP: 1/14 [poisoned by you (poison gas)]
   973 | D:1      | Succumbed to their own poison gas

Levels and vault maps discovered:
D:1:      beargit_arrival_diablo_church, layout_basic, serial_forest,
          infiniplex_forest_end_3, infiniplex_forest_zigzag_1,
          infiniplex_forest_lined_1, infiniplex_forest_zigzag_2,
          infiniplex_forest_fountain, infiniplex_forest_lined_3_way,
          infiniplex_forest_straight_2, infiniplex_forest_clump_diagonal

Skill      XL: |  1  2 |
---------------+-------+-----
Dodging        | 3 4 |  4.0
Fighting       | |  1.5
Ranged Weapons | |  4.4
Stealth        | |  1.5

Action                     || total
---------------------------++-------
   Fire: Shortbow          ||    35
    Use: Scroll            ||     2
 Armour: Robe              ||     2
  Dodge: Dodged            ||     7

Table legend:
 A = Non-vault XP
 B = Vault XP
 C = Vault XP percentage of total XP
 D = Non-vault monster count
 E = Vault monster count
 F = Vault count percentage of total count
                 A         B        C        D         E       F
            +---------+---------+-------+---------+---------+-------
      Total |      38 |       0 |   0.0 |      16 |       0 |   0.0
            +---------+---------+-------+---------+---------+-------
        D:1 |      38 |       0 |   0.0 |      16 |       0 |   0.0
            +---------+---------+-------+---------+---------+-------
